[Event "15th Chennai GM Open 2025"]
[Site "Chennai"]
[Date "2025.01.06"]
[Round "7.5"]
[White "Fedorov, Alexei"]
[Black "Sammed Jaykumar, Shete"]
[Result "0-1"]
[ECO "C54"]
[WhiteElo "2409"]
[BlackElo "2379"]
[Annotator "TA"]
[PlyCount "54"]
[EventDate "2025.01.02"]
[EventType "swiss"]
[EventCountry "IND"]
[SourceTitle "playchess.com"]
[Source "ChessBase"]
[SourceQuality "1"]
[TimeControl "5400+30"]

1. e4 e5 2. Nf3 Nc6 3. Bc4 Bc5 4. c3 Nf6 5. d3 d6 6. Bg5 h6 7. Bh4 g5 8. Bg3 $1 Qe7 9. O-O a6 10. d4 Ba7 (10... Bb6 $5) 11. Bd5 O-O 12. Bxc6 bxc6 13. Nbd2 ({White should play} 13. Re1 $1 $14) 13... Nh5 $11 14. Re1 Nxg3 15. hxg3 f5 (15... g4 $11 16. Nh4 Qf6) 16. exf5 $16 Bxf5 17. Qa4 (17. dxe5 $16 Bg6 18. Qa4) 17... Qf7 18. dxe5 (18. Qxc6 g4 19. Nh4 Bh7 $15) 18... g4 19. Nd4 $1 Bd3 20. f4 gxf3 (20... c5 $1 $11 21. e6 Qh5) 21. gxf3 $2 (21. N2xf3 $16 {is necessary to keep the advantage.} Bb5 22. Qd1) 21... dxe5 $19 22. Rxe5 {[%emt 0:01:38][%cal Og1h2] [#]} Qg7 $1 23. Rh5 (23. Qb3+ Kh7 24. Rh5 Bxd4+ (24... Qxg3+ $2 25. Kh1 $19) 25. cxd4 Rxf3 $19 (25... Qxg3+ $2 26. Kh1 $19)) 23... Qxg3+ 24. Kh1 {[%emt 0:00:04] And now Rg1 would win.} Rae8 25. Qd1 {[%emt 0:04:18] Dodges Re1+} Kh7 26. N2b3 $2 (26. Qg1 {only move.} Qf4 27. Qh2) 26... Re3 (26... Qg6 $142 27. Rh2 Re5) 27. Qd2 $2 (27. Qg1 $19 Rfxf3 28. Qxg3 Rxg3 29. Kh2) 27... Rfxf3 0-1

[Event "15th Chennai GM Open 2025"]
[Site "Chennai"]
[Date "2025.01.06"]
[Round "7.6"]
[White "Czebe, Attila"]
[Black "Sathvik Adiga"]
[Result "1-0"]
[ECO "A25"]
[WhiteElo "2278"]
[BlackElo "2395"]
[Annotator "TA"]
[PlyCount "117"]
[EventDate "2025.01.02"]
[EventType "swiss"]
[EventCountry "IND"]
[SourceTitle "playchess.com"]
[Source "ChessBase"]
[SourceQuality "1"]
[TimeControl "5400+30"]

1. c4 e5 2. Nc3 Nf6 3. e4 Nc6 4. g3 Bc5 5. Bg2 d6 6. h3 O-O 7. Nge2 Be6 8. d3 Nd7 9. O-O a6 10. Kh2 f5 (10... b5 $11) 11. exf5 $14 Rxf5 12. f4 Rf8 13. Ne4 Qe7 14. Nxc5 Nxc5 (14... dxc5 $11 {keeps the balance.} 15. b3 Rae8) 15. b3 $1 $16 Bf5 {[%emt 0:10:58] [#]} 16. d4 (16. Ba3 $1 $16) 16... exd4 17. Nxd4 Qf6 {[%emt 0:00:27] [#]} (17... Nxd4 $14 18. Qxd4 Rae8) 18. Nxc6 $1 $16 bxc6 19. Be3 Rae8 20. Bxc5 dxc5 21. Qd2 Rd8 22. Qf2 Rd4 23. Rae1 Rfd8 (23... Bd3 $142) 24. Re5 $16 Bg6 25. Rfe1 (25. Rxc5 $2 Rd2 26. Re5 Rxf2 $19) 25... Rd2 26. R1e2 ({Resist} 26. Qxc5 Rxa2 27. R5e2 Rxe2 28. Rxe2 Rd6 $16) 26... Rxe2 27. Qxe2 Qd6 28. Qf3 ({Better is} 28. Re6 $18 Qd2 29. Qe5 (29. Bxc6 Bh5 $18)) 28... h6 (28... Re8 $16) 29. Qxc6 $18 Qxc6 30. Bxc6 Rd2+ 31. Kg1 Rxa2 32. f5 Bf7 33. Rxc5 Re2 34. Ba4 Re7 35. Kf2 Be8 36. g4 Bxa4 37. bxa4 Kf7 38. a5 g6 (38... h5 $142 39. g5 (39. gxh5 Kf6 $18) 39... Ke8) 39. fxg6+ $18 Kxg6 40. Rc6+ Kg5 41. c5 Re4 42. Rxa6 Ra4 43. Ra8 Kf4 44. a6 Ra2+ 45. Ke1 Ke3 46. Re8+ Kd4 47. Re6 Kxc5 48. Rxh6 c6 49. g5 Rxa6 50. g6 Ra7 51. Rh7 Ra8 52. h4 (52. g7 $142 Rg8 53. h4) 52... Kd4 $18 53. h5 c5 54. h6 c4 55. Rd7+ Ke3 56. g7 c3 57. Kd1 Ra1+ 58. Kc2 Rg1 59. h7 1-0

[Event "15th Chennai GM Open 2025"]
[Site "Chennai"]
[Date "2025.01.06"]
[Round "7.7"]
[White "Mayukh Majumder"]
[Black "Shahil Dey"]
[Result "0-1"]
[ECO "E17"]
[WhiteElo "2013"]
[BlackElo "2374"]
[Annotator "TA"]
[PlyCount "178"]
[EventDate "2025.01.02"]
[EventType "swiss"]
[EventCountry "IND"]
[SourceTitle "playchess.com"]
[Source "ChessBase"]
[SourceQuality "1"]
[TimeControl "5400+30"]

1. Nf3 Nf6 2. c4 e6 3. g3 d5 4. Bg2 Be7 5. O-O O-O 6. b3 b6 7. Bb2 Bb7 8. cxd5 exd5 9. d4 Re8 10. Nbd2 Nbd7 11. Rc1 Bd6 12. Re1 Qe7 13. Qc2 Rac8 {[%emt 0:00:35] [#]} 14. Ne5 $1 Nxe5 (14... c6 15. Bh3) 15. dxe5 Bxe5 16. Bxe5 Qxe5 17. Bh3 c5 18. Nf3 Qh5 (18... Qd6 $11) 19. Bxc8 $14 Rxc8 {[%emt 0:00:20] [#]} 20. b4 $1 c4 $1 21. Nd4 Qe5 22. e3 a6 23. Qf5 Qe7 24. a3 Ne4 25. f3 g6 26. Qh3 Nf6 27. Qh4 Kg7 28. Qg5 Qd7 {[%emt 0:00:20] Inhibits Nf5+.} 29. g4 h6 $1 30. Qf4 Qe7 $1 31. Ne2 Nd7 32. Qd4+ Kg8 33. Kg2 Ne5 34. Rcd1 (34. Rf1 $11) 34... Qf6 (34... c3 $1 $17 35. Nxc3 Nxf3 36. Kxf3 Rc4 37. Qxb6 Rxc3) 35. Rf1 $11 Rd8 (35... Qe7 $11) 36. Nc3 $14 Qe6 37. e4 (37. h3 $14) 37... Nd3 $11 38. Rxd3 cxd3 39. Rd1 Rd6 40. Qxd3 (40. e5 Rc6 41. Kf1 Rc4 42. Qxd3 d4 $15 (42... Qxe5 43. Nxd5 Bxd5 44. Qxd5 $19)) 40... d4 41. Ne2 Qe5 $1 (41... Qa2 $6 42. Rd2 Qa1 43. Nxd4 $14) 42. Nxd4 h5 43. h3 h4 44. Kh1 Qg3 {[%emt 0:00:46][%mdl 1024] Black has compensation.} 45. Qf1 Kg7 (45... Qf4 $11) 46. Rd2 ({White must play} 46. Ne2 $16 Qe5 47. Rxd6 Qxd6 48. Qa1+ Kg8 49. Qd4 Qxd4 50. Nxd4) 46... Qf4 47. Qg2 Qf6 (47... Qe3 48. Nf5+ gxf5 49. gxf5+ (49. Rxd6 fxe4 50. Qb2+ Kh7 $11) 49... Kh7 50. Rxd6 $18) 48. g5 Qd8 (48... Qf4 49. Qh2 Qxh2+ 50. Kxh2 $16) (48... Qe7 $5) 49. Nb3 (49. Qh2 $11 Kg8 50. Qe5) 49... Bc8 50. Qh2 Rxd2 51. Qxd2 {[%emt 0:00:05][%mdl 4096] Endgame KQB-KQN. White is a pawn up.} Qc7 52. Qe1 (52. Nd4 $11) 52... Qc2 (52... Qd7 $1 $17 53. Nd2 (53. Qxh4 $2 Qd1+ 54. Kg2 Qxb3 $19) 53... Qd3 (53... Qxh3+ $2 54. Kg1 $19)) 53. Nd2 $2 (53. Nd4 $2 Qd3 54. Qf2 Qxa3 $19 (54... Bxh3 55. e5 $15)) (53. Nc1 $1 $11 {and White has nothing to worry.}) 53... Qd3 (53... Bxh3 54. Qxh4 Qxd2 55. Qh6+ Kg8 56. Qxh3 $17) 54. Kg2 (54. a4 $17) 54... Qd7 $2 ({Better is} 54... Qxa3 $19 55. Qxh4 Qxb4) 55. Kf2 (55. Qa1+ Kg8 56. Qe1 Qxh3+ 57. Kg1 a5 $17) 55... Qxh3 56. Ke3 (56. Nf1 $11 {remains equal.}) 56... Be6 (56... Kg8 $142 57. Qc1 Be6) 57. Qf2 ({White should play} 57. Qg1) 57... Qh1 {[%emt 0:00:14] Black is more active.} 58. f4 (58. Qf1 $17 {might work better.} Qh2 59. Qf2) 58... Bg4 $19 59. f5 Qh3+ $1 60. Kf4 gxf5 (60... Bh5 $1 $19 {and Black stays clearly on top.} 61. Qd4+ (61. Qxb6 $2 Qg3#) 61... Kh7) 61. Qd4+ Kh7 {[%emt 0:00:04][%csl Gh4][%cal Rh3g3] The board is on fire.} (61... Kg8 {with more complications.} 62. Qd8+ Kh7 63. g6+ Kg7) 62. Ke5 $2 (62. g6+ $17 Kxg6 (62... fxg6 63. Kg5 $11) 63. exf5+ Bxf5 64. Qg1+ Kf6 (64... Kh7 65. Nf3 $17) 65. Nf3) 62... f4 (62... Qxa3 63. Kf6 Bh5 64. exf5 $14) 63. Kf6 {[%emt 0:01:48] Strongly threatening g6+.} Bd7 $2 (63... Qxa3 64. g6+ fxg6 65. Qe5 $18) (63... Bh5 $1 $19 64. Qd6 Qg4 (64... Qxa3 $2 65. Ke7 $19)) 64. Qe5 $2 (64. g6+ $1 $16 Kh6 (64... fxg6 $2 65. Qe5 $16) 65. Qd6 Qc3+ (65... fxg6 66. Qxf4+ Kh7 67. Qe5 $18) 66. e5 (66. Kxf7 $2 Qg7#)) 64... Qe6+ (64... Qxa3 65. g6+ (65. Qxf4 $2 Qc3+ 66. e5 Qc6+ 67. Ke7 Qe6+ 68. Kd8 Kg7 $19) 65... fxg6 66. Qe7+ (66. Qxf4 $2 Qg3 $19) 66... Kh6 67. Qg7+ Kh5 68. Qxg6#) 65. Qxe6 Bxe6 $11 {[%emt 0:00:11] KB-KN. Black is a pawn up.} 66. g6+ Kg8 $1 (66... fxg6 $2 {is the wrong capture.} 67. Kxe6 h3 68. Nf3 $18) 67. gxf7+ (67. Nf3 $5 h3 $8 68. b5 axb5 69. g7 $11) 67... Bxf7 68. Kg5 {[%emt 0:00:06][%csl LRf4,LRh4] Dodges Bh5} h3 69. Nf3 $1 Kg7 70. Kxf4 Bh5 71. Nh2 Kf6 72. Kg3 Ke5 73. Kxh3 Be2 74. Kh4 Kxe4 75. Kg5 $2 {[%emt 0:00:05][%mdl 8192] [#]} (75. Kh3 $11) 75... Ke5 $2 (75... Ke3 $1 $19 {Strongly threatening ...b5.} 76. Kh4 Kf2) 76. Kh4 $1 $15 Kf4 77. Kh3 Ke3 78. Kg3 Kd3 79. Kf2 Kd2 80. a4 (80. Kg3 $15) 80... Kd3 $17 81. b5 {[%emt 0:00:50] [#]} a5 (81... axb5 $1 $17 82. axb5 Kd2) 82. Kg3 $2 (82. Nf3 $15) 82... Bd1 83. Kf4 Bxa4 84. Ng4 Bxb5 85. Nf2+ Kc2 86. Ne4 a4 87. Nd6 Bd3 88. Ke3 a3 89. Kd4 a2 0-1

[Event "15th Chennai GM Open 2025"]
[Site "Chennai"]
[Date "2025.01.06"]
[Round "7.8"]
[White "Madhesh Kumar S"]
[Black "Mohamed Anees M"]
[Result "0-1"]
[ECO "B33"]
[WhiteElo "2006"]
[BlackElo "2334"]
[Annotator "TA"]
[PlyCount "138"]
[EventDate "2025.01.02"]
[EventType "swiss"]
[EventCountry "IND"]
[SourceTitle "playchess.com"]
[Source "ChessBase"]
[SourceQuality "1"]
[TimeControl "5400+30"]

1. e4 c5 2. Nf3 Nc6 3. d4 cxd4 4. Nxd4 Qb6 5. Nb3 Nf6 6. Nc3 e6 7. Bd3 a6 8. Be3 Qc7 9. f4 d6 10. Qe2 b5 11. O-O Be7 12. Nb1 Bb7 13. N1d2 O-O 14. a4 Nb4 15. Rfc1 Rfc8 16. axb5 axb5 17. Rxa8 Bxa8 18. Bxb5 Nxe4 19. Nxe4 Bxe4 20. c3 Nd5 21. Bd2 Nf6 22. Ra1 Rb8 23. Be3 Bc6 24. Bxc6 Qxc6 25. Nd4 Qb7 26. b4 Nd5 27. Qd2 Bf6 28. Ne2 Qc6 29. Bd4 e5 30. fxe5 dxe5 31. Bc5 Rd8 32. Qc2 {[%emt 0:00:12] [#]} Nc7 $2 (32... Be7 $1 $17 33. Ra5 (33. Bxe7 Ne3 $17) 33... Bxc5+ 34. Rxc5 Qf6) 33. Ng3 ({White should try} 33. Rd1 $11) 33... Ne6 $15 34. Qe4 Qc8 35. Qc4 Be7 36. Ne4 h6 (36... Qc7 $15) 37. h3 $11 Bg5 38. Qe2 Nf4 39. Qf3 Qf5 40. Nd6 Qc2 41. Ra8 $2 (41. Kh2 $1 $11) 41... Ne2+ $19 42. Kf1 {[%emt 0:00:54] [#]} (42. Kh1 $142 Qc1+ (42... Nxc3 43. Rxd8+ Bxd8 44. Qxf7+ Kh7 45. Kh2 $14) 43. Kh2 Qf4+ (43... Nxc3 $2 44. Be3 $18) (43... Bf4+ 44. g3 $16) 44. Kh1 Ng3+ (44... Qc1+ $2 45. Kh2 $19) 45. Kh2 (45. Kg1 $2 Qc1+ 46. Kf2 Nh1+ 47. Ke2 Qd2+ 48. Kf1 Ng3+ 49. Qxg3 Rxa8 $19) 45... Ne4+ 46. Qxf4 Bxf4+ 47. Kg1 Rxa8 48. Nxe4) 42... Ng3+ $1 $19 (42... Nxc3 43. Rxd8+ Bxd8 44. Qxf7+ Kh7 45. Qf5+ Qxf5+ 46. Nxf5 $11) 43. Kg1 Qc1+ 44. Kf2 Nh1+ ({Not} 44... Qf1+ 45. Kxg3 Qxf3+ 46. Kxf3 $11) 45. Ke2 Qd2+ 46. Kf1 Ng3+ $1 47. Qxg3 Rxa8 48. Qe1 Qd3+ 49. Kg1 Bd2 50. Qxe5 Bxc3 (50... g5 $142 {( -> ...Ra1+)} 51. Ba7 Bxc3 (51... Rxa7 52. Qe8+ Kg7 53. Qe5+ f6 54. Ne8+ Kh8 55. Qxf6+ Kh7 56. Kh2 $19) (51... Bf4 $2 52. Qe4 $19)) 51. Qf4 (51. Qe4 $142 Ra1+ 52. Kh2 Qxe4 53. Nxe4) 51... Ra1+ $19 52. Kh2 Rf1 53. Qe4 Qxe4 54. Nxe4 Bxb4 55. Bxb4 Rf4 56. Nf6+ (56. Nc3 $142 Rxb4 57. Nd5) 56... Rxf6 $19 57. Kg3 Rb6 58. Bc5 Rb3+ 59. Kf4 g5+ 60. Kg4 Kh7 61. h4 Rc3 (61... f5+ $142 62. Kh5 Rg3 63. hxg5 hxg5 (63... Rxg2 $2 64. gxh6 f4 65. Kh4 $19) (63... Rxg5+ $2 64. Kh4 $19) 64. Be7 Rxg2 65. Bxg5 Rh2+ 66. Bh4 f4 67. Kg4 f3 68. Bg3 f2 69. Bxh2 f1=Q (69... f1=B 70. Kh5 $11) 70. Bf4 Kg6 71. Be3 Qc4+ 72. Kf3 Kf5 73. Bh6 Qc3+ 74. Be3 Qd3 75. Kf2 Ke4 76. Bb6 Qf3+ (76... Qc2+ 77. Kg3 Qb3+ 78. Kg4 Qxb6 79. Kg5 Qe6 80. Kh4 Qg6 81. Kh3 Kf3 82. Kh4 Qh6#) 77. Kg1 Qg3+ 78. Kf1 Kf3 79. Bd4 Qg2+ 80. Ke1 Qe2#) 62. Bf2 Rc2 63. Kf3 Kg6 (63... Rxf2+ $142 64. Kxf2 gxh4 65. Kf3 h5 66. Kf4 Kg6 67. Ke4 Kg5 68. Ke5 f5 (68... Kg4 $2 69. Kf6 $19) 69. Kd5 f4 70. Ke4 Kg4 71. Kd4 h3 72. gxh3+ Kxh3 73. Ke5 f3 74. Kf6 f2 75. Ke6 h4 (75... f1=B {leads to mate.} 76. Ke5 h4 77. Kf4 Kg2 78. Kf5 h3 79. Kg5 h2 80. Kf6 h1=Q 81. Ke6 Bc4+ 82. Ke7 Qd1 83. Kf6 Qd6+ 84. Kg7 Qe7+ 85. Kh6 Bd3 86. Kh5 Qf6 87. Kg4 Be2#) (75... f1=Q 76. Kd5 Qb5+ 77. Kd4 h4 78. Ke4 Kg3 79. Kd4 h3 80. Kc3 h2 81. Kd4 h1=Q 82. Ke3 Qe1+ 83. Kd4 Qee5#) 76. Ke7 f1=Q (76... f1=B 77. Kf6 Kg4 78. Kf7 h3 79. Kf6 h2 80. Ke7 h1=Q 81. Kd6 Qh2+ 82. Ke6 Qh6+ 83. Ke5 Qc6 84. Kd4 Qc7 85. Kd5 Kf5 86. Kd4 Qe5#) 77. Ke6 Kg4 (77... Kg3 78. Ke5 h3 79. Ke6 h2 80. Ke5 h1=Q 81. Kd4 Qc6 82. Ke3 Qff3+ 83. Kd4 Qfe4#) 78. Ke7 h3 79. Ke6 Qc4+ 80. Kf6 h2 81. Ke7 h1=Q (81... h1=R 82. Kd7 Rh6 83. Ke8 Rh7 84. Kf8 Qf7#) 82. Kf6 Qb7 83. Kg6 Qe6#) 64. hxg5 hxg5 65. g4 Kf6 66. Bd4+ Ke6 67. Ba1 Ra2 68. Bd4 Ra3+ 69. Be3 Rxe3+ 0-1

[Event "15th Chennai GM Open 2025"]
[Site "Chennai"]
[Date "2025.01.06"]
[Round "7.10"]
[White "Madhvendra Pratap Sharma"]
[Black "Jai Sankar Subramanian"]
[Result "1-0"]
[ECO "B31"]
[WhiteElo "2281"]
[BlackElo "2113"]
[Annotator "TA"]
[PlyCount "131"]
[EventDate "2025.01.02"]
[EventType "swiss"]
[EventCountry "IND"]
[SourceTitle "playchess.com"]
[Source "ChessBase"]
[SourceQuality "1"]
[TimeControl "5400+30"]

1. e4 c5 2. Nf3 Nc6 3. Bb5 g6 4. O-O Bg7 5. Re1 Nf6 6. c3 O-O 7. d4 d5 {[%emt 0:00:08] is more profitable than 7...cxd4 at the moment.} 8. e5 Ne4 9. h3 Qb6 {[%emt 0:12:48] B31: Sicilian: 2...Nc6 3 Bb5 g6.} 10. Bxc6 bxc6 11. Nbd2 Bf5 12. Nb3 c4 13. Nbd2 f6 $146 ({Predecessor:} 13... Rad8 14. g4 Be6 15. Nxe4 dxe4 16. Ng5 Bd5 17. Qc2 f6 18. exf6 exf6 19. Nxe4 f5 {0-1 Becker,W (2305)-Apel,S (2310) BL2-Nord 9899 1998 (5.3)}) 14. Nxe4 Bxe4 15. Nd2 Bf5 16. e6 Rfd8 ({Black should play} 16... Qa6 $11) 17. g4 $1 $14 Bd3 18. Nb3 $1 cxb3 19. Qxd3 a5 20. axb3 Qxb3 21. Re2 Qb5 22. Qc2 a4 23. Bf4 Qb3 24. Ra3 Qxc2 25. Rxc2 Ra6 26. Rc1 Rc8 {[%emt 0:02:24] [#]} (26... g5 $1 $14 {was preferrable.} 27. Be3 Rb8) 27. Be3 $1 $16 Rb8 28. Rca1 h5 (28... Rxb2 $16 29. Rxa4 Rxa4 30. Rxa4 Rb8) 29. b3 hxg4 30. hxg4 ({Stronger than} 30. bxa4 gxh3 31. Kh2 Kh7 $15) 30... f5 (30... Kh7 {is a better defense.} 31. Rxa4 Rxa4 32. bxa4 g5) 31. Rxa4 $18 ({Don't play} 31. bxa4 $6 fxg4 32. Kg2 Ra5 $16) 31... Rab6 (31... Rxa4 $142 32. bxa4 (32. Rxa4 fxg4 33. b4 Bf6 $16) 32... Ra8) 32. b4 fxg4 33. Bf4 Rf8 34. Ra8 Bf6 35. Rxf8+ Kxf8 36. Ra7 Kg7 37. Bc7 Rb5 38. Kg2 Bg5 (38... Kh6 $142 39. Bd8 Kg5 40. Bxe7 Bxe7) 39. Be5+ $18 Kh6 40. Kg3 Kh5 41. Bf4 Bh4+ 42. Kg2 Bf6 43. Ra6 g5 44. Bg3 Kg6 45. Rxc6 Kf5 46. Rc5 Rb6 (46... Rb7 $142 47. Rxd5+ Kxe6) 47. Rxd5+ Kxe6 48. Rc5 Ra6 49. Ra5 Rb6 50. Bc7 Rb7 51. Be5 Rd7 52. Kg3 Rd8 53. Kxg4 Rc8 54. Bxf6 exf6 55. Rc5 Rh8 56. Rc6+ Ke7 57. b5 Rh4+ 58. Kg3 Rh1 59. c4 f5 60. b6 Rb1 61. c5 Rb3+ 62. Kg2 g4 63. Rc7+ Ke6 64. b7 f4 65. Rc6+ Kd7 66. Rb6 1-0

[Event "15th Chennai GM Open 2025"]
[Site "Chennai"]
[Date "2025.01.06"]
[Round "7.11"]
[White "Aditya Varun Gampa"]
[Black "Mayank Chakraborty"]
[Result "0-1"]
[ECO "C07"]
[WhiteElo "2180"]
[BlackElo "2457"]
[Annotator "TA"]
[PlyCount "54"]
[EventDate "2025.01.02"]
[EventType "swiss"]
[EventCountry "IND"]
[SourceTitle "playchess.com"]
[Source "ChessBase"]
[SourceQuality "1"]
[TimeControl "5400+30"]

1. e4 e6 2. d4 d5 3. Nd2 c5 4. Ngf3 cxd4 5. Nxd4 Nc6 6. Bb5 Bd7 7. Nxc6 bxc6 8. Bd3 Bd6 9. Qe2 Qc7 10. c4 Nf6 11. Nf3 (11. g3 $11) 11... e5 12. exd5 e4 (12... O-O $1 $15 13. dxc6 Qxc6) 13. Bxe4 $14 O-O 14. Bd3 $2 (14. dxc6 $1 $11 Bg4 15. Bc2) 14... Rfe8 $19 15. Be3 Bb4+ 16. Kf1 cxd5 17. cxd5 Qd6 (17... Nxd5 $19 {[%cal Oe8e3] and ...Rxe3! would now be decisive} 18. Bxh7+ Kf8 (18... Kxh7 19. Qd3+ Kg8 20. Qxd5 $15)) 18. Rd1 $17 {[%emt 0:02:59] [#]} Ng4 {[%emt 0:08:34] Black is more active.} (18... Rac8 $1 $17 19. Ba6 Rc7) 19. h3 $1 $15 Nxe3+ 20. fxe3 f5 (20... Qxd5 $2 21. Bxh7+ Kxh7 22. Rxd5 $18) (20... Qh6 $5 21. e4 $8 Rac8 $16) 21. Nd4 Kh8 (21... Qxd5 $2 22. Bc4 Be6 23. Nxe6 $18 (23. Bxd5 Bxd5 24. Qb5 Be4 $18)) 22. Bc4 (22. Bxf5 Rf8 23. e4 Rae8 $19) ({White should try} 22. h4 $11) 22... Re4 $1 $36 {[%emt 0:03:21][%mdl 2048] Black has the initiative.} 23. Ne6 {[%emt 0:06:22] [#]} Bc5 $1 {[%emt 0:11:40] A strong pair of Bishops.} ({Reject} 23... Rxc4 $6 24. Qxc4 Bxe6 25. Rd4 $14) 24. Ng5 $2 {[%emt 0:03:06][%mdl 8192] [#]} (24. Nxc5 $15 Qxc5 25. b3) 24... Rf8 $1 $19 25. Nxe4 fxe4+ 26. Kg1 Qg3 27. Re1 Rf3 0-1

[Event "15th Chennai GM Open 2025"]
[Site "Chennai"]
[Date "2025.01.06"]
[Round "7.12"]
[White "Mummana, Venkata Ruthvik"]
[Black "Rios Gomez, Cristhian Camilo"]
[Result "1/2-1/2"]
[ECO "B33"]
[WhiteElo "2186"]
[BlackElo "2435"]
[Annotator "TA"]
[PlyCount "63"]
[EventDate "2025.01.02"]
[EventType "swiss"]
[EventCountry "IND"]
[SourceTitle "playchess.com"]
[Source "ChessBase"]
[SourceQuality "1"]
[TimeControl "5400+30"]

1. e4 c5 2. Nf3 Nc6 3. d4 cxd4 4. Nxd4 Nf6 5. Nc3 e5 6. Ndb5 d6 7. Bg5 a6 8. Na3 b5 9. Nd5 Be7 10. Bxf6 Bxf6 11. c4 b4 12. Nc2 O-O 13. g3 a5 14. b3 Be6 15. Bg2 Bg5 16. O-O Qb8 17. Qd3 Bd8 18. Kh1 Ra7 19. f4 f6 20. Rad1 Rd7 21. Qe2 Bb6 22. Bf3 (22. Nxb6 $14 Qxb6 23. f5) 22... Bxd5 (22... Bc5 {seems wilder.} 23. Bg4 Bxg4 24. Qxg4 Ra7) 23. Rxd5 Bc5 24. Qd1 Qb6 25. fxe5 Nxe5 26. Nd4 Bxd4 27. Rxd4 Rc8 28. Bg2 {[%emt 0:01:14] aiming for Bh3.} Rc5 29. Bh3 Rd8 30. Rf2 Kf7 31. Rfd2 Ke7 32. Qh5 1/2-1/2

[Event "15th Chennai GM Open 2025"]
[Site "Chennai"]
[Date "2025.01.06"]
[Round "7.13"]
[White "Sanket Chakravarty"]
[Black "Shirliyev, Allayar"]
[Result "1-0"]
[ECO "A11"]
[WhiteElo "2374"]
[BlackElo "2196"]
[Annotator "TA"]
[PlyCount "103"]
[EventDate "2025.01.02"]
[EventType "swiss"]
[EventCountry "IND"]
[SourceTitle "playchess.com"]
[Source "ChessBase"]
[SourceQuality "1"]
[TimeControl "5400+30"]

1. c4 Nf6 2. g3 c6 3. Nf3 d5 4. Bg2 Bf5 5. Qb3 Qb6 6. d3 Nbd7 7. cxd5 cxd5 (7... Qxb3 $11 8. axb3 Nxd5) 8. Be3 (8. Qxb6 $14 Nxb6 9. Nc3) 8... Qxb3 $11 9. axb3 e5 {[%emt 0:00:04] Dodges Nd4} 10. Rxa7 Rxa7 11. Bxa7 Bb4+ 12. Nfd2 O-O (12... Ke7 $15 13. f4 Ra8 14. fxe5 Rxa7 (14... Nxe5 15. Bd4 $14) 15. exf6+ Nxf6) 13. f4 $1 e4 14. dxe4 $1 Nxe4 15. Bd4 Nxd2 16. Nxd2 Ra8 {[%emt 0:00:05] ...Ra1+ would now be deadly.} 17. e3 Bg4 (17... Rc8 $11 18. Bxd5 Rc1+ 19. Ke2 Bg4+ (19... Rc2 20. Bc3 $11) 20. Kd3 Bf5+ 21. Ke2) 18. h3 $1 $14 Ra1+ 19. Kf2 Rxh1 20. Bxh1 Bxh3 21. Nb1 Be6 22. Nc3 Bxc3 23. bxc3 {[%emt 0:00:09][%mdl 4096] Endgame KBB-KBN} (23. Bxc3 $6 Nc5 $11) 23... f5 24. Ke2 Kf7 25. Kd3 {[%emt 0:00:06] White is more active.} b5 26. Bf3 Ke7 (26... Nb8 $16) 27. Be2 (27. Bxg7 Nc5+ 28. Kc2 Ne4 $14) 27... Kd6 28. Bxg7 Nc5+ 29. Kc2 {[%emt 0:00:08] And now Bf8+ would win.} Kc6 30. Bf6 (30. Bh5 $142 $1) 30... Ne4 31. Bh4 Bd7 32. b4 ({White should play} 32. Bh5) 32... Kd6 {[%emt 0:04:55] [#]} (32... Be8 $16) 33. Kd3 (33. Bh5 $1 $18) 33... Be8 {[%emt 0:00:05] [#]} (33... Nf2+ $16 34. Kd4 Be8) 34. g4 $1 $18 Bd7 35. Bf3 fxg4 $2 (35... Be6 36. Be1 Nf6 (36... fxg4 $2 37. Bxe4 dxe4+ 38. Kxe4 $18)) 36. Bxe4 dxe4+ 37. Kxe4 {[%emt 0:00:04] KB-KB. White is a pawn up.} Be6 38. f5 (38. Bg3 $142 Bd5+ 39. Kd4) 38... Bc4 39. Kd4 Bb3 40. e4 (40. Bg3+ $142 Ke7 41. Ke5) 40... Bc2 41. Ke3 h6 42. Kf4 Kc6 43. e5 {[%emt 0:00:22][%cal Be4e5,Be5e6][%mdl 32] Threatening mate with e6!.} (43. Kxg4 Bxe4 44. Kf4 Bc2 $14) 43... Kd5 44. e6 ({Worse is} 44. Kxg4 Kxe5 45. Bg3+ Kf6 $11) 44... Kd6 45. Bf2 ({Weaker is} 45. Kxg4 Ke5 $18) 45... Ke7 46. Ke5 Ke8 47. f6 Bg6 48. f7+ Bxf7 49. exf7+ Kxf7 50. Kf5 h5 51. Kg5 Ke6 52. Kxh5 1-0

[Event "15th Chennai GM Open 2025"]
[Site "Chennai"]
[Date "2025.01.06"]
[Round "7.14"]
[White "Sarveshwaran V"]
[Black "Venkatesh, M.R."]
[Result "0-1"]
[ECO "B61"]
[WhiteElo "2150"]
[BlackElo "2362"]
[Annotator "TA"]
[PlyCount "80"]
[EventDate "2025.01.02"]
[EventType "swiss"]
[EventCountry "IND"]
[SourceTitle "playchess.com"]
[Source "ChessBase"]
[SourceQuality "1"]
[TimeControl "5400+30"]

1. e4 c5 2. Nf3 Nc6 3. d4 cxd4 4. Nxd4 Nf6 5. Nc3 d6 6. Bg5 Bd7 7. Qd2 Rc8 8. Nxc6 (8. O-O-O Nxd4 9. Qxd4 Qa5 10. Be3) 8... Bxc6 9. f3 a6 10. Bd3 e6 11. O-O-O Be7 12. Kb1 b5 13. h4 Qb6 14. Ne2 b4 15. Be3 Qb7 16. Nd4 Nd7 17. Qe2 Nc5 18. Nxc6 Rxc6 19. Bxc5 Rxc5 20. Bxa6 Qc6 {[%emt 0:28:20] [#]} 21. Rd4 $1 Ra5 22. Bc4 Qc5 23. Rdd1 O-O 24. f4 {[%emt 0:00:00] Dodges Qe5} h5 25. Bb3 Rc8 {[%emt 0:01:13] [#]} ({Black should play} 25... Bf6) 26. g3 (26. Rhf1 $1 $16) 26... Bf6 $14 27. Qd3 Rc6 28. Rhe1 (28. e5 dxe5 29. f5 e4 30. Qxe4 Qe5 31. Qxe5 Rxe5 32. fxe6 fxe6 33. Rhg1) 28... Ra8 (28... g6 $14) 29. Qe3 ({White should play} 29. Qe2 $16) 29... Ra5 30. Qxc5 (30. Qf3 {with more complications.} Rc8 31. Qd3 Rd8 32. Rf1) 30... Raxc5 31. Rd3 Ra5 32. Red1 Raa6 33. Re3 Ra5 34. Rde1 Rcc5 35. Rc1 Kf8 36. c3 bxc3 37. bxc3 Ra6 38. Kc2 Rac6 39. Kd2 d5 40. e5 Bd8 0-1

[Event "15th Chennai GM Open 2025"]
[Site "Chennai"]
[Date "2025.01.06"]
[Round "7.15"]
[White "Anadkat Kartavya"]
[Black "Podolchenko, Evgeniy"]
[Result "1-0"]
[ECO "B12"]
[WhiteElo "2139"]
[BlackElo "2346"]
[Annotator "TA"]
[PlyCount "61"]
[EventDate "2025.01.02"]
[EventType "swiss"]
[EventCountry "IND"]
[SourceTitle "playchess.com"]
[Source "ChessBase"]
[SourceQuality "1"]
[TimeControl "5400+30"]

1. e4 c6 2. d4 d5 3. e5 Bf5 4. h4 h5 5. Bg5 Qb6 6. Bd3 (6. b3 $11 {keeps the balance.}) 6... Qxd4 7. Nf3 Qg4 $1 8. Bxf5 Qxf5 9. c4 Qe4+ 10. Be3 e6 (10... dxc4 11. Nbd2 Qd5 12. Qc2) 11. Nbd2 Qd3 12. cxd5 exd5 13. Rc1 Bb4 {[%emt 0:02:29] Prevents Rc3} 14. a3 Bxd2+ 15. Bxd2 Nd7 16. Rc3 Qa6 17. Bg5 ({White should try} 17. b4 $1 $11) 17... f6 (17... Ne7 $15) 18. exf6 $11 gxf6 19. Re3+ Kf8 (19... Ne7 $15) 20. Qb1 Ne7 $1 {[%emt 0:03:47][%cal Oc6c5] Prevents Qf5.} (20... fxg5 $2 21. Qf5+ Ngf6 22. Ne5 (22. hxg5 d4 $18) 22... Nxe5 23. Rxe5 Qa5+ 24. Kf1 Qb5+ 25. Kg1 $18) 21. Bf4 {[%emt 0:02:57] Bd6 would now be deadly.} Kf7 $2 {[%emt 0:05:18] [#] Black is weak on the dark squares} ({Black should try} 21... Re8 $11) 22. Rh3 $2 {[%emt 0:02:38] White is more active.} (22. Ng5+ $1 $16 fxg5 23. Bd6) 22... Rae8 $2 {[%emt 0:02:11][%mdl 8192] [#]} (22... c5 $1 $11 {and Black stays safe.}) 23. Ng5+ $1 $18 fxg5 24. Bxg5 {[%emt 0:00:23] White wants to mate with Rhf3+.} Nf6 {[%emt 0:05:14] and ...Ne4 should not be overlooked} 25. Rhf3 c5 26. Bxf6 Qxf6 27. Kf1 Qxf3 28. Rxf3+ Ke6 29. Qe1+ Kd7 30. Qa5 Rh6 31. Qxa7 1-0